 Dungeon Crawl Stone Soup version 0.16.1-5-gaa23807 (webtiles) character file.

2289 Chiseanne the Shield-Bearer (level 9, 0/45 HPs)
             Began as a Vine Stalker Monk on Mar 28, 2015.
             Was an Initiate of Gozag.
             Succumbed to a killer bee's poison
             ... on level 8 of the Dungeon.
             The game lasted 00:22:58 (6664 turns).

Chiseanne the Shield-Bearer (Vine Stalker Monk)     Turns: 6664, Time: 00:22:58

Health: 0/45       AC: 10    Str: 16    XL:     9   Next: 40%
Magic:  4/12       EV: 11    Int: 10    God:    Gozag
Gold:   933        SH: 10    Dex: 18    Spells: 0 memorised, 8 levels left

rFire  + . .     SeeInvis .       - Unarmed
rCold  + . .     Clarity  .     t - +1 ring mail {rF+}
rNeg   + . .     SustAb   .     y - +0 shield
rPois  .         Gourm    .     (no helmet)
rElec  .         Spirit   +     g - +1 cloak (curse)
rCorr  +         Warding  .     p - +0 pair of gloves (curse)
rMut   .         Stasis   .     (no boots)
MR     +....                    r - amulet of resist corrosion
Stlth  ++........               j - ring of positive energy
                                c - ring of protection from cold

@: lethally poisoned (0 -> -1), somewhat resistant to hostile enchantments,
unstealthy
A: fangs 3, regeneration 2, magic shield, antimagic bite, no device heal 3, rot
immunity
a: Potion Petition, Call Merchant, Bribe Branch, Renounce Religion


You were on level 8 of the Dungeon.
You worshipped Gozag.
Gozag was noncommittal.
You were not hungry.

You visited 2 branches of the dungeon, and saw 9 of its levels.
You also visited: Sewer and Ossuary.

You collected 933 gold pieces.

Inventory:

Hand weapons
 a - a cursed +3 quarterstaff of chaos
Missiles
 d - a throwing net
 e - 7 needles of sleeping
 i - 10 tomahawks (quivered)
 s - 18 poisoned needles
Armour
 g - a cursed +1 cloak (worn)
 l - a +4 chain mail of cold resistance
 p - a cursed +0 pair of gloves (worn)
 t - a +1 ring mail of fire resistance (worn)
 y - a +0 shield (worn)
Jewellery
 c - a ring of protection from cold (left hand)
 j - a ring of positive energy (right hand)
 r - an amulet of resist corrosion (around neck)
Magical devices
 o - a wand of digging (11)
Scrolls
 h - 2 scrolls of enchant weapon
 q - a scroll of teleportation
 w - 3 scrolls of remove curse
 C - a scroll of recharging
Potions
 B - a potion of cure mutation
Books
 m - a book of Control

   Spells                             Type                      Level
   a - Control Teleport               Charms/Translocation         4
   b - Control Undead                 Necromancy                   4
   c - Enslavement                    Hexes                        4
   d - Metabolic Englaciation         Hexes/Ice                    5
   e - Mass Confusion                 Hexes                        6
 n - a book of Debilitation

   Spells                             Type                      Level
   a - Corona                         Hexes                        1
   b - Slow                           Hexes                        2
   c - Inner Flame                    Hexes/Fire                   3
   d - Enslavement                    Hexes                        4
   e - Cause Fear                     Hexes                        4
   f - Leda's Liquefaction            Hexes/Earth                  4
 x - a book of Conjurations

   Spells                             Type                      Level
   a - Magic Dart                     Conjuration                  1
   b - Searing Ray                    Conjuration                  2
   c - Dazzling Spray                 Conjuration/Hexes            3
   d - Fulminant Prism                Conjuration/Hexes            4
   e - Iskenderun's Mystic Blast      Conjuration                  4
   f - Iskenderun's Battlesphere      Conjuration/Charms           5
 z - a book of Callings

   Spells                             Type                      Level
   a - Summon Small Mammal            Summoning                    1
   b - Call Imp                       Summoning                    2
   c - Call Canine Familiar           Summoning                    3
   d - Summon Guardian Golem          Hexes/Summoning              4
   e - Summon Lightning Spire         Summoning/Air                4
   f - Summon Ice Beast               Ice/Summoning                4
Comestibles
 b - 2 bread rations
 f - 5 meat rations


   Skills:
 * Level 4.3 Fighting
 * Level 6.2 Armour
 * Level 3.6 Dodging
 - Level 2.4 Stealth
 * Level 6.4 Shields
 * Level 5.7 Unarmed Combat


You had 8 spell levels left.
You didn't know any spells.

Dungeon Overview and Level Annotations

Branches:
Dungeon (8/15)             Temple (1/1) D:5
   Lair: D:8-11

Altars:
Ashenzari
Dithmenos
Elyvilon
Fedhas
Gozag
Kikubaaqudgha
Makhleb
Qazlal
Ru
Sif Muna
Trog
Vehumet
Xom
Yredelemnul
Zin
The Shining One

Annotations:
D:2 Sigmund
D:3 wanderer1's ghost, average MiMo
D:4 Grinder
D:7 Joseph


Innate Abilities, Weirdness & Mutations

You have razor-sharp teeth.
You heal very quickly.
When hurt, damage is shared between your health and your magic reserves.
Your bite disrupts and absorbs the magic of your enemies.
Potions and wands cannot restore your health.
You are immune to rotting.


Message History

Your shield and ring mail prevent you from hitting the killer bee.
The killer bee is almost dead.
* * * LOW HITPOINT WARNING * * *
You feel sick. You block the killer bee's attack. The killer bee stings you.
You barely miss the killer bee.
The killer bee is almost dead.
* * * LOW HITPOINT WARNING * * *
You feel sick. You block the killer bee's attack.
The killer bee barely misses you. You block the killer bee's attack.
The killer bee barely misses you.
You miss the killer bee.
The killer bee is almost dead.
* * * LOW HITPOINT WARNING * * *
You feel sick. You block the killer bee's attack.
You block the killer bee's attack.
Your shield and ring mail prevent you from hitting the killer bee.
Your bite misses the killer bee.
The killer bee is almost dead.
You die...
Your body crumbles into a pile of gold.

##...##...................
#.....>...................
#....................#.>...
#.........................#
#...................<##.###
#....................##.#
#.......................#
#####.#..........)....##...
#.##.....#..@....##
########y###...#
########.....#....
...........###.....
.#................
................
........$)....y
...........##[. ........#.#


You could see a killer bee.

Vanquished Creatures
  The ghost of Chiseanne the Ruffian, an average VSMo (D:5)
  A hippogriff (D:7)
  Edmund (D:8)
  Menkaure (D:7)
  2 phantoms (D:5)
  3 ogres
  2 centaurs (D:7)
  5 giant frogs
  A gnoll sergeant (D:6)
  A scorpion (D:7)
  A crimson imp (D:7)
  An orc priest (D:3)
  3 hounds
  Crazy Yiuf (D:2)
  4 orc wizards
  3 worker ants
  Terence (D:2)
  A mummy (Ossuary)
  5 gnolls
  A worker ant zombie (D:6)
  6 adders
  A worm (D:2)
  12 giant mites
  6 giant geckos
  12 oozes (Sewer)
  5 orcs
  2 bat skeletons
  11 giant cockroaches
  9 goblins
  7 hobgoblins
  4 jackals
  2 quokkas
  16 ball pythons (Sewer)
  10 bats
  16 giant newts
  2 gnoll zombies (Ossuary)
  A hobgoblin zombie (Ossuary)
  A jackal zombie (D:8)
  5 kobolds
  An orc zombie (Ossuary)
  9 rats
177 creatures vanquished.

Notes
Turn   | Place    | Note
--------------------------------------------------------------
     0 | D:1      | Chiseanne, the Vine Stalker Monk, began the quest for the Orb.
     0 | D:1      | Reached XP level 1. HP: 11/11 MP: 1/1
   167 | D:1      | Reached XP level 2. HP: 16/16 MP: 3/3
   671 | D:1      | Reached XP level 3. HP: 19/19 MP: 4/4
   859 | D:2      | Found a basalt altar of Yredelemnul.
  1110 | D:2      | Found a glowing golden altar of the Shining One.
  1266 | D:2      | Noticed Crazy Yiuf
  1271 | D:2      | Killed Crazy Yiuf
  1271 | D:2      | Reached XP level 4. HP: 22/24 MP: 5/5
  1459 | D:2      | Noticed Terence
  1478 | D:2      | Killed Terence
  1589 | D:2      | Noticed Sigmund
  2025 | D:3      | Reached skill level 1 in Armour
  2025 | D:3      | Reached XP level 5. HP: 17/28 MP: 7/7
  2216 | D:3      | Noticed wanderer1's ghost (average MiMo)
  2540 | D:3      | Gained mutation: You heal very quickly. [vine stalker growth]
  2540 | D:3      | Reached XP level 6. HP: 19/32 MP: 6/8
  3054 | D:4      | Noticed Grinder
  3054 | D:4      | Paralysed by Grinder for 2 turns
  3069 | D:5      | Entered Level 5 of the Dungeon
  3110 | D:5      | Found a sacrificial altar of Ru.
  3178 | D:5      | Reached XP level 7. HP: 36/36 MP: 9/9
  3384 | D:5      | Noticed Chiseanne's ghost (average VSMo)
  3410 | D:5      | Killed Chiseanne's ghost
  3410 | D:5      | Reached skill level 5 in Armour
  3426 | D:5      | Found a staircase to the Ecumenical Temple.
  3438 | Temple   | Entered the Ecumenical Temple
  3529 | Temple   | Became a worshipper of Gozag Ym Sagoz the Greedy
  3640 | D:5      | Found a sand-covered staircase.
  3659 | Ossuary  | Entered an ossuary
  4156 | D:5      | Reached skill level 5 in Unarmed Combat
  4413 | D:6      | Reached skill level 1 in Shields
  4413 | D:6      | Gained mutation: You have razor-sharp teeth. [vine stalker growth]
  4413 | D:6      | Reached XP level 8. HP: 28/40 MP: 9/11
  4445 | D:6      | Found a glowing drain.
  4468 | Sewer    | Entered a sewer
  5398 | D:6      | Reached skill level 5 in Shields
  5746 | D:7      | Reached XP level 9. HP: 39/45 MP: 10/12
  5809 | D:7      | Noticed Menkaure
  5826 | D:7      | Killed Menkaure
  5826 | D:7      | Reached skill level 6 in Armour
  6174 | D:7      | Noticed Joseph
  6399 | D:7      | HP: 1/45 [Joseph/sling bullet (5)]
  6565 | D:8      | Noticed Edmund
  6597 | D:8      | Killed Edmund
  6660 | D:8      | HP: 2/45 [poisoned by a killer bee]
  6664 | D:8      | Succumbed to a killer bee's poison

Action                   |  1- 3 |  4- 6 |  7- 9 || total
-------------------------+-------+-------+-------++-------
Melee: Unarmed           |    63 |   199 |   588 ||   850
Throw: Tomahawk          |       |       |     5 ||     5
  Use: Scroll            |     2 |    10 |    11 ||    23
       Potion            |     2 |     3 |     7 ||    12
 Stab: Sleeping          |     1 |       |       ||     1
       Distracted        |       |       |     1 ||     1
  Eat: Chunk             |     1 |     5 |       ||     6
       Beef jerky        |       |     1 |     1 ||     2
       Fruit             |       |       |     2 ||     2
       Bread ration      |       |       |     2 ||     2
       Pizza             |       |       |     1 ||     1
